Map: Orbital Shipyard

Players

LindyHop

  • Race: Zerg Zerg
  • League: Platinum

Koravel - Winner!

  • Race: Zerg Zerg
  • League: Platinum

VOD

Have the link to the VOD?

Description

Time

  • Played on: Jan. 19, 2016, 7:03 p.m.
  • Length: 5:06
Show
View Real Time Build Order
Export as new Build Order

LindyHop Zerg 

Build Orders: Hatch First 

Get SALT Encoding   

  12  0:01  Drone  
  13  0:12  Overlord  
  13  0:19  Drone  
  14  0:30  Drone x2  
  14  0:34  Drone  
  17  0:54  Hatchery  
  16  0:59  Drone  
  17  1:11  Spawning Pool  
  17  1:13  Drone  
  17  1:19  Drone, Extractor  
  17  1:27  Drone  
  17  1:30  Drone  
  19  1:39  Overlord  
  19  1:49  Drone  
  20  1:58  Queen  
  22  2:03  Drone  
  22  2:06  Queen  
  25  2:08  Drone  
  25  2:12  Zergling x2  
  27  2:19  Zergling x2  
  28  2:25  Metabolic Boost  
  28  2:29  Spine Crawler  
  27  2:34  Spine Crawler  
  27  2:36  Zergling x2  
  27  2:42  Zergling x4  
  29  2:47  Zergling x2  
  29  2:51  Zergling x2  
  29  2:57  Zergling x2  
  29  2:58  Zergling x2  
  29  3:05  Zergling x4  
  29  3:12  Drone x2  
  30  3:23  Drone  
  30  3:25  Baneling Nest  
  30  3:44  Spine Crawler  
  30  3:46  Roach Warren  
  21  4:01  Zergling x2  
  21  4:02  Zergling x14  
  24  4:09  Drone, Queen  
  27  4:30  Roach, Extractor  
  28  4:40  Roach  
Show
View Real Time Build Order
Export as new Build Order

Koravel Zerg - Winner!

Build Orders: Pool Only, Zergling Baneling 

Get SALT Encoding   

  12  0:01  Drone  
  13  0:08  Extractor  
  12  0:26  Spawning Pool  
  11  0:32  Drone  
  11  0:35  Drone  
  13  0:41  Drone  
  14  0:52  Overlord  
  14  1:14  Metabolic Boost  
  14  1:17  Zergling x6  
  17  1:29  Queen  
  19  1:39  Overlord  
  19  1:56  Zergling x4  
  21  2:11  Zergling x2  
  21  2:12  Zergling x2  
  23  2:31  Zergling x2  
  24  2:39  Baneling Nest, Zergling x8  
  26  2:58  Zergling x4  
  22  3:17  Zergling x8  
  26  3:25  Baneling x6  
  26  3:26  Baneling  
  26  3:32  Zergling x2  
  27  3:41  Overlord, Zergling x2  
  27  3:42  Zergling x4  
  27  4:02  Zergling x4  
  26  4:13  Zergling x2  
  24  4:24  Zergling x6  
  24  4:27  Baneling x4  
  27  4:36  Zergling x2  
Tags
 
Add a new tag
Caveats
  • Supply blocks, unpowered buildings, or Contaminate may cause inaccurate times.
  • Supply counts are checked every 10 seconds.